 Dungeon Crawl Stone Soup version 0.21.0-30-g47ce8e4 (webtiles) character file.

11807 Moloch the Severer (level 11, 35/102 HPs)
             Began as a Hill Orc Fighter on Jan 28, 2018.
             Was an Elder of Beogh.
             Quit the game on level 2 of the Orcish Mines.
             The game lasted 00:21:05 (10861 turns).

Moloch the Severer (Hill Orc Fighter)              Turns: 10861, Time: 00:21:06

Health: 35/102     AC: 15    Str: 23    XL:     11   Next: 83%
Magic:  11/11      EV:  6    Int:  8    God:    Beogh [****..]
Gold:   1313       SH: 12    Dex: 10    Spells: 7/10 levels left

rFire    . . .     SeeInvis .   a - +0 war axe
rCold    . . .     Gourm    .   c - +0 shield
rNeg     + + .     Faith    .   K - +4 chain mail {rN+}
rPois    .         Spirit   .   p - +0 helmet
rElec    .         Reflect  +   (no cloak)
rCorr    .         Harm     .   (no gloves)
MR       .....                  s - +0 pair of boots
Stlth    ..........             m - +3 amulet of reflection
HPRegen  0.27/turn              x - +1 ring of evasion
MPRegen  0.12/turn              J - ring of positive energy

@: no status effects
A: no striking features
a: Smiting, Recall Orcish Followers, Renounce Religion


You were on level 2 of the Orcish Mines.
You worshipped Beogh.
Beogh was greatly pleased with you.
You were not hungry.

You visited 2 branches of the dungeon, and saw 12 of its levels.

You collected 1410 gold pieces.
You spent 97 gold pieces at shops.

Inventory:

Hand Weapons
 a - a +0 war axe (weapon)
 y - a +2 flail of protection
 H - a +2 whip of electrocution
Missiles
 I - 2 throwing nets (quivered)
Armour
 c - a +0 shield (worn)
 p - a +0 helmet (worn)
 s - a +0 pair of boots (worn)
 K - a +4 chain mail of positive energy (worn)
Jewellery
 m - a +3 amulet of reflection (around neck)
 x - a +1 ring of evasion (left hand)
 z - an uncursed amulet of rage
 J - a ring of positive energy (right hand)
Wands
 u - a wand of iceblast (8)
 B - a wand of acid (10)
 E - a wand of digging (16)
 F - a wand of flame (59)
Scrolls
 b - 2 scrolls of fear {unknown}
 e - a scroll of magic mapping
 h - 9 scrolls of remove curse
 i - 9 scrolls of teleportation
 j - 9 scrolls of identify
 k - 3 scrolls of blinking
 l - a scroll of noise
 t - a scroll of enchant armour
 v - 2 scrolls of immolation
 A - a scroll of summoning
Potions
 d - 2 potions of might
 n - 2 potions of degeneration
 o - a potion of invisibility
 q - 3 potions of brilliance
 r - 2 potions of haste
 w - a potion of berserk rage {unknown}
 C - 2 potions of resistance
 D - a potion of agility
Comestibles
 f - 15 rations
 G - 5 chunks of flesh


   Skills:
 + Level 11.2 Fighting
 * Level 19.2 Axes
 - Level 3.2 Armour
 - Level 3.2 Shields


You had 7 spell levels left.
You knew the following spells:

 Your Spells              Type           Power        Failure   Level  Hunger
a - Regeneration          Chrm/Necr      #.........   100%        3    ####...


Dungeon Overview and Level Annotations

Branches:
Dungeon (10/15)            Temple (0/1) D:5            Lair (0/6) D:10
    Orc (2/2) D:10
    Elf: Orc:2

Altars:
Cheibriados
Nemelex Xobeh
Ru
Uskayaw
Wu Jian
Xom
The Shining One
Beogh

Shops:
D:7 ?


Message History

You block the orc sorcerer's attack.
Your orc priest mumbles some strange prayers to Beogh against the smoke demon.
The smoke demon is smitten.
Your orc warrior barely misses the deep troll.
The smoke demon hits your orc priest but does no damage. x2
The smoke demon barely misses your orc priest.
Your orc wizard casts a spell.
Your orc wizard blinks!
You hit the deep troll but do no damage.
The deep troll is heavily wounded.
You hit the two-headed ogre. You closely miss the orc sorcerer.
The deep troll bites you. The deep troll barely misses you.
You block the deep troll's attack.
The two-headed ogre hits you with a giant club!
The two-headed ogre barely misses you. You block the orc sorcerer's attack.
Your orc hits the deep troll but does no damage.
Your orc priest casts a cantrip, but nothing happens.
The smoke demon hits your orc priest.
The smoke demon hits your orc priest but does no damage. x2
Are you sure you want to abandon this character and quit the game? (Confirm with "yes".)

................(......
........................
..................).)...
O.......#.......#(...)....
.O...................)))(..
.OO.##.C.3.............()..
.O.......To...(............
.......4oToo..(.###.......
#.....#O@......##........
#....#).o......#.......#
#..#.#..#....#.......##
#........#.ยง...(......#
##.#..#...#.....)).....
###.......#.#..).....#
#.......#.....)))....
##.##.##......#)(#...
##.#####........()#..


You could see a two-headed ogre, a deep troll, a cyclops, a rust devil, a troll,
a smoke demon, an orc sorcerer, a friendly orc warrior, a friendly orc priest, a
friendly orc wizard and a friendly orc.

Vanquished Creatures
  A centaur warrior (D:9)
  An ogre mage (Orc:2)
  Pikel (D:7)
  2 cyclopes
  An orc sorcerer (Orc:1)
  The ghost of 1player the Jinx, a novice SpEn of Dithmenos (D:7)
  Psyche (D:10)
  A komodo dragon (D:10)
  A troll (D:9)
  4 hippogriffs
  A vampire (D:10)
  4 hungry ghosts
  5 vampire mosquitoes
  A warg (Orc:2)
  An insubstantial wisp (D:10)
  Edmund (D:5)
  A swamp drake (D:10)
  4 orc warriors
  A slave (D:7)
  2 phantoms
  A black bear (D:9)
  10 ogres
  3 centaurs
  2 big kobolds
  3 bullfrogs
  A wyvern zombie (D:9)
  2 scorpions (D:6)
  4 howler monkeys
  A crimson imp (D:8)
  A bullfrog zombie (D:7)
  5 hounds
  2 jellies
  A bullfrog skeleton (D:6)
  5 orc priests
  2 centaur skeletons
  8 orc wizards
  Terence (D:2)
  2 iguanas
  6 worker ants
  Robin (D:2)
  6 gnolls
  14 adders
  2 shadow imps
  2 oozes
  An adder zombie (D:7)
  An adder skeleton (D:7)
  4 worms
  A dart slug (D:1)
  5 leopard geckos
  14 orcs
  14 bats
  9 giant cockroaches
  9 goblins
  15 hobgoblins
  6 jackals
  18 kobolds
  6 quokkas
  A ball python (D:4)
  4 frilled lizards
  3 rats
231 creatures vanquished.

Vanquished Creatures (collateral kills)
  An orc warlord (Orc:1)
  An orc sorcerer (Orc:2)
  A troll (Orc:2)
  2 wargs
  A hungry ghost (D:10)
  6 orc warriors
  6 ogres (Orc:2)
  A hound (D:10)
  3 orc priests
  5 orcs
27 creatures vanquished.

Vanquished Creatures (others)
  An orc knight (Orc:2)
  An orc sorcerer (Orc:1)
  5 orc warriors
  5 orc priests (Orc:2)
  5 orc wizards
  26 orcs
  A goblin (D:3)
  A kobold (D:3)
  A fungus (D:10)
46 creatures vanquished.

Grand Total: 304 creatures vanquished

Notes
Turn   | Place    | Note
-------+----------+-------------------------------------------
     0 | D:1      | Moloch the Hill Orc Fighter began the quest for the Orb.
     0 | D:1      | Reached XP level 1. HP: 19/19 MP: 1/1
    44 | D:1      | Reached skill level 3 in Axes
   224 | D:1      | Reached XP level 2. HP: 27/27 MP: 2/2
   590 | D:1      | Reached XP level 3. HP: 31/33 MP: 3/3
   618 | D:1      | Reached skill level 4 in Axes
  1026 | D:2      | Noticed Terence
  1042 | D:2      | Killed Terence
  1042 | D:2      | Reached skill level 5 in Axes
  1042 | D:2      | Reached XP level 4. HP: 20/41 MP: 4/4
  1841 | D:2      | Noticed Robin
  1867 | D:2      | Killed Robin
  1867 | D:2      | Reached XP level 5. HP: 43/47 MP: 5/5
  1884 | D:2      | Reached skill level 6 in Axes
  2288 | D:3      | Became a worshipper of Beogh the Brigand
  2424 | D:3      | Reached skill level 7 in Axes
  2447 | D:3      | Reached XP level 6. HP: 40/53 MP: 6/6
  2942 | D:4      | Reached * piety under Beogh
  3009 | D:4      | Reached skill level 8 in Axes
  3295 | D:4      | Found a sparkling altar of Nemelex Xobeh.
  3332 | D:4      | Reached skill level 5 in Fighting
  3333 | D:4      | Reached skill level 9 in Axes
  3333 | D:4      | Reached XP level 7. HP: 51/61 MP: 7/7
  3378 | D:5      | Entered Level 5 of the Dungeon
  3435 | D:5      | Found a sacrificial altar of Ru.
  3436 | D:5      | Found an ornate altar of the Wu Jian Council.
  3437 | D:5      | Found a hide-covered altar of Uskayaw.
  3438 | D:5      | Found a shimmering altar of Xom.
  3477 | D:5      | Noticed Edmund
  3499 | D:5      | Killed Edmund
  3525 | D:5      | Found a staircase to the Ecumenical Temple.
  3580 | D:5      | Reached skill level 10 in Axes
  4062 | D:6      | Reached XP level 8. HP: 53/69 MP: 8/8
  4094 | D:6      | Reached skill level 11 in Axes
  4111 | D:6      | Reached ** piety under Beogh
  4157 | D:6      | Found a snail-covered altar of Cheibriados.
  4299 | D:6      | Learned a level 3 spell: Regeneration
  4633 | D:7      | Reached skill level 12 in Axes
  4725 | D:7      | Noticed 1player's ghost (novice SpEn)
  4766 | D:7      | Killed 1player's ghost
  4766 | D:7      | Reached skill level 13 in Axes
  4766 | D:7      | Reached XP level 9. HP: 25/78 MP: 9/9
  5150 | D:7      | Noticed Pikel
  5177 | D:7      | Paralysed by Pikel for 6 turns
  5196 | D:7      | Killed Pikel
  5196 | D:7      | Reached skill level 14 in Axes
  5556 | D:7      | Found Syorgh's Magic Scroll Emporium.
  5559 | D:7      | Bought a scroll of blinking for 97 gold pieces
  6075 | D:8      | Reached skill level 15 in Axes
  6204 | D:8      | Reached *** piety under Beogh
  6204 | D:8      | Reached XP level 10. HP: 86/88 MP: 10/10
  6676 | D:9      | Found a glowing golden altar of the Shining One.
  6743 | D:9      | Reached skill level 16 in Axes
  6789 | D:9      | Noticed a centaur warrior
  6799 | D:9      | Killed a centaur warrior
  6825 | D:9      | Noticed a cyclops
  7102 | D:9      | Killed a cyclops
  7681 | D:10     | Entered Level 10 of the Dungeon
  7728 | D:10     | Reached skill level 17 in Axes
  7735 | D:10     | Found a staircase to the Orcish Mines.
  7796 | D:10     | Noticed Psyche
  7802 | D:10     | Killed Psyche
  7932 | D:10     | Reached XP level 11. HP: 76/97 MP: 11/11
  7948 | D:10     | Found a staircase to the Lair.
  8010 | D:9      | Reached **** piety under Beogh
  8355 | D:10     | Reached skill level 18 in Axes
  9026 | D:10     | Reached skill level 10 in Fighting
  9225 | Orc:1    | Entered Level 1 of the Orcish Mines
  9228 | Orc:1    | Noticed a cyclops
  9238 | Orc:1    | Killed a cyclops
  9246 | Orc:1    | Noticed an orc sorcerer
  9382 | Orc:1    | Noticed an orc warlord
  9398 | Orc:1    | Noticed an orc sorcerer
  9409 | Orc:2    | Entered Level 2 of the Orcish Mines
  9606 | Orc:1    | Killed an orc sorcerer
  9753 | Orc:1    | Killed an orc warlord
 10064 | Orc:2    | Found a roughly hewn altar of Beogh.
 10134 | Orc:2    | Noticed an orc sorcerer
 10139 | Orc:2    | Killed an orc sorcerer
 10640 | Orc:2    | Noticed an ogre mage
 10662 | Orc:1    | Reached skill level 19 in Axes
 10844 | Orc:2    | Noticed a deep troll
 10844 | Orc:2    | Noticed a two-headed ogre
 10845 | Orc:2    | Noticed an orc sorcerer
 10852 | Orc:2    | Killed an ogre mage
 10854 | Orc:2    | Noticed a cyclops
 10861 | Orc:2    | Quit the game

Skill      XL: |  1  2  3  4  5  6  7  8  9 10 11 |
---------------+----------------------------------+-----
Axes           | 3 5 7 9 10 13 15 17 19 | 19.2
Fighting       | 4 5 6 8 9 11 | 11.2
Armour         | |  3.2
Shields        | |  3.2

Action                   |  1- 3 |  4- 6 |  7- 9 | 10-12 || total
-------------------------+-------+-------+-------+-------++-------
Melee: War axe           |   103 |   313 |   384 |   375 ||  1175
Invok: Convert to Beogh  |       |     1 |       |       ||     1
Evoke: Wand              |       |       |     2 |     5 ||     7
  Use: Potion            |       |       |     4 |     1 ||     5
       Scroll            |       |       |       |    12 ||    12
 Stab: Paralysed         |       |       |       |     3 ||     3
       Distracted        |       |       |       |     2 ||     2
  Eat: Chunk             |       |     9 |    14 |     9 ||    32
       Ration            |       |       |     2 |     2 ||     4
Armor: Scale mail        |    58 |    91 |       |       ||   149
       Chain mail        |       |    28 |   167 |    65 ||   260
       Plate armour      |       |       |       |    35 ||    35
Dodge: Dodged            |    47 |    69 |    62 |    52 ||   230
Block: Shield            |    60 |   201 |   190 |   188 ||   639
       Reflection        |       |     6 |     9 |     8 ||    23
